MLB
KANSAS CITY ROYALS @ CHICAGO WHITE SOX
05/28/2098
 
TOP OF THE 1ST
Kansas City Royals batting - Pitching for Chicago White Sox : RHP Jim Tant
Pitching: RHP Jim Tant
Batting: LHB Takashi Nakata 0-0: Foul Ball, location: 2F
0-1: Ball
1-1: Foul Ball, location: 2F
1-2: SINGLE (Line Drive, 7S, EV 108.1 MPH)
Batting: RHB Maxwell Judson 0-0: Ball
1-0: Swinging Strike
1-1: Fielders Choice at 2nd, 5-4 (Groundball, 5L, EV 83.8 MPH)
Batting: LHB Jorge Castillo 0-0: Called Strike
0-1: Swinging Strike
0-2: Strikes out swinging
Batting: RHB Kevin Stark 0-0: Ball
1-0: Called Strike
1-1: Hit by Pitch
Maxwell Judson to second
Batting: LHB Tony Monterosa 0-0: Ball
1-0: Ball
2-0: Ball
3-0: Called Strike
3-1: Fly out, F4 (Popup, 4M, EV 73.8 MPH)
Top of the 1st over - 0 runs, 1 hit, 0 errors, 2 left on base; Kansas City 0 - Chicago 0
BOTTOM OF THE 1ST
Chicago White Sox batting - Pitching for Kansas City Royals : RHP Rich Maas
Pitching: RHP Rich Maas
Batting: RHB Greg Bates 0-0: Ball
1-0: Ball
2-0: Swinging Strike
2-1: Ball
3-1: Called Strike
3-2: Foul Ball, location: 2F
3-2: Ground out 6-3 (Groundball, 6, EV 98.8 MPH)
Batting: RHB Travis De Angelis 0-0: Ball
1-0: Called Strike
1-1: Ball
2-1: DOUBLE (Line Drive, 7LD, EV 103.1 MPH)
Batting: LHB Tim Eaton 0-0: Ball
1-0: Foul Ball, location: 9LMFF
1-1: Ball
2-1: Fly out, F8 (Flyball, 8LD, EV 106.9 MPH)
Runner from 2nd tags up, SAFE at 3rd with throw by CF
Batting: RHB Luis Marquina 0-0: Ball
1-0: Ball
2-0: Called Strike
2-1: Foul Ball, location: 2F
2-2: Foul Ball, location: 9LMF
2-2: Foul Ball, location: 2F
2-2: Ball
3-2: Fly out, F4 (Popup, 4D, EV 58.8 MPH)
Bottom of the 1st over - 0 runs, 1 hit, 0 errors, 1 left on base; Kansas City 0 - Chicago 0
TOP OF THE 2ND
Kansas City Royals batting - Pitching for Chicago White Sox : RHP Jim Tant
Batting: LHB Mike Andreas 0-0: Called Strike
0-1: SINGLE (Groundball, 34D, EV 96.9 MPH)
Batting: RHB Jacob Huckaby 0-0: Called Strike
0-1: Swinging Strike
0-2: Ball
1-2: Fly out, F8 (Flyball, 8LXD, EV 90.0 MPH)
Batting: LHB Danny Bonilla 0-0: Called Strike
0-1: Swinging Strike
0-2: Strikes out looking
Batting: RHB Tim Kingsley 0-0: Ball
1-0: Ball
2-0: Fly out, F8 (Flyball, 89D, EV 105.6 MPH)
Top of the 2nd over - 0 runs, 1 hit, 0 errors, 1 left on base; Kansas City 0 - Chicago 0
BOTTOM OF THE 2ND
Chicago White Sox batting - Pitching for Kansas City Royals : RHP Rich Maas
Batting: LHB Chris McDonough 0-0: Called Strike
0-1: Called Strike
0-2: Fly out, F8 (Line Drive, 8RM, EV 90.6 MPH)
Pitching: LHP Jim Garvelink
Batting: RHB Joey Aimone 0-0: Ball
1-0: Swinging Strike
1-1: Foul Ball, location: 5F
1-2: Ball
2-2: Ball
3-2: SOLO HOME RUN (Flyball, 8RXD, EV 113.8 MPH), Distance : 454 ft
Batting: RHB Cory Gilmore 0-0: Called Strike
0-1: Fly out, F7 (Flyball, 78M, EV 81.9 MPH)
Batting: RHB Jose Delgado 0-0: Ball
1-0: Ball
2-0: Ground out 6-3 (Groundball, 6, EV 87.5 MPH)
Bottom of the 2nd over - 1 run, 1 hit, 0 errors, 0 left on base; Kansas City 0 - Chicago 1
TOP OF THE 3RD
Kansas City Royals batting - Pitching for Chicago White Sox : RHP Jim Tant
Batting: LHB Takashi Nakata 0-0: Called Strike
0-1: Ball
1-1: Ball
2-1: Ball
3-1: Swinging Strike
3-2: Strikes out swinging
Batting: RHB Maxwell Judson 0-0: Foul Ball, location: 5SF
0-1: Ball
1-1: Swinging Strike
1-2: Ball
2-2: Foul Ball, location: 9LMF
2-2: Ground out 6-3 (Groundball, 6, EV 88.1 MPH)
Batting: LHB Jorge Castillo 0-0: Foul Ball, location: 2F
0-1: SINGLE (Groundball, 6MD, EV 94.4 MPH)
Batting: RHB Kevin Stark 0-0: Foul Ball, location: 5FF
0-1: Ball
Balk!
Jorge Castillo to second
1-1: SINGLE (Flyball, 56D, EV 95.0 MPH)
Jorge Castillo to third
Runner from 3rd tries for Home, SAFE, throw by LF to home
Batting: LHB Tony Monterosa 0-0: Ball
1-0: Ball
2-0: Fly out, F7 (Flyball, 7, EV 85.6 MPH)
Top of the 3rd over - 1 run, 2 hits, 0 errors, 1 left on base; Kansas City 1 - Chicago 1
BOTTOM OF THE 3RD
Chicago White Sox batting - Pitching for Kansas City Royals : LHP Jim Garvelink
Batting: RHB Vinny Figueroa 0-0: Ball
1-0: Ball
2-0: Called Strike
2-1: Ball
3-1: Swinging Strike
3-2: Foul Ball, location: 9LDF
3-2: Strikes out looking
Batting: RHB Greg Bates 0-0: Foul Ball, location: 2F
0-1: Foul Ball, location: 2F
0-2: Fly out, F8 (Flyball, 8LS, EV 82.5 MPH)
Batting: RHB Travis De Angelis 0-0: Ball
1-0: Ball
2-0: Ball
3-0: Fly out, F9 (Line Drive, 9, EV 106.9 MPH)
Bottom of the 3rd over - 0 runs, 0 hits, 0 errors, 0 left on base; Kansas City 1 - Chicago 1
TOP OF THE 4TH
Kansas City Royals batting - Pitching for Chicago White Sox : RHP Jim Tant
Batting: LHB Mike Andreas 0-0: Ball
1-0: Foul Ball, location: 3FF
1-1: DOUBLE (Line Drive, 78XD, EV 110.0 MPH)
Batting: RHB Jacob Huckaby 0-0: Called Strike
0-1: Swinging Strike
0-2: Strikes out swinging
Batting: LHB Danny Bonilla 0-0: Called Strike
0-1: Ball
1-1: Foul Ball, location: 2F
1-2: Foul Ball, location: 7LDF
1-2: Ball
2-2: Ball
3-2: Base on Balls
Batting: RHB Tim Kingsley 0-0: Ball
1-0: Ball
2-0: Foul Ball, location: 2F
2-1: Ball
3-1: Foul Ball, location: 5F
3-2: Foul Ball, location: 25F
3-2: Base on Balls
Mike Andreas to third
Danny Bonilla to second
Batting: LHB Takashi Nakata 0-0: Ball
1-0: Fly out, F5 (Popup, 56S, EV 81.9 MPH)
Batting: RHB Maxwell Judson 0-0: Ball
1-0: Ball
2-0: Ball
3-0: Called Strike
3-1: Base on Balls
Mike Andreas scores
Danny Bonilla to third
Tim Kingsley to second
Batting: LHB Jorge Castillo 0-0: Called Strike
0-1: Swinging Strike
0-2: Ball
1-2: Fielders Choice at 2nd, U4 (Groundball, 4M, EV 103.8 MPH)
Top of the 4th over - 1 run, 1 hit, 0 errors, 3 left on base; Kansas City 2 - Chicago 1
BOTTOM OF THE 4TH
Chicago White Sox batting - Pitching for Kansas City Royals : LHP Jim Garvelink
Pinch Hitting: RHB Fernando De Faria 0-0: Ball
1-0: Fly out, F3 (Popup, 34, EV 73.8 MPH)
Batting: RHB Luis Marquina 0-0: Foul Ball, location: 2F
0-1: Ball
1-1: Ball
2-1: Foul Ball, location: 2F
2-2: Foul Ball, location: 9LDF
2-2: SINGLE (Groundball, 6MD, EV 99.4 MPH) (infield hit)
Batting: LHB Chris McDonough 0-0: Called Strike
0-1: Ball
1-1: Called Strike
1-2: Strikes out swinging
Batting: RHB Joey Aimone 0-0: Foul Ball, location: 2F
0-1: Fly out, F9 (Flyball, 89M, EV 90.0 MPH)
Bottom of the 4th over - 0 runs, 1 hit, 0 errors, 1 left on base; Kansas City 2 - Chicago 1
TOP OF THE 5TH
Kansas City Royals batting - Pitching for Chicago White Sox : RHP Jim Tant
Now in RF: Tyler Fauver
Batting: RHB Kevin Stark 0-0: Foul Ball, location: 3F
0-1: Swinging Strike
0-2: Strikes out looking
Batting: LHB Tony Monterosa 0-0: Called Strike
0-1: Ball
1-1: Called Strike
1-2: Strikes out swinging
Batting: LHB Mike Andreas 0-0: Called Strike
0-1: Called Strike
0-2: Foul Ball, location: 2F
0-2: Foul Ball, location: 7LSF
0-2: Strikes out swinging
Top of the 5th over - 0 runs, 0 hits, 0 errors, 0 left on base; Kansas City 2 - Chicago 1
BOTTOM OF THE 5TH
Chicago White Sox batting - Pitching for Kansas City Royals : LHP Jim Garvelink
Batting: RHB Cory Gilmore 0-0: Ball
1-0: Ball
2-0: Ground out 6-3 (Groundball, 6, EV 79.4 MPH)
Batting: RHB Jose Delgado 0-0: Called Strike
0-1: Ball
1-1: Ball
2-1: Fly out, F8 (Flyball, 8LD, EV 103.8 MPH)
Batting: RHB Vinny Figueroa 0-0: Called Strike
0-1: Swinging Strike
0-2: Ball
1-2: Foul Ball, location: 2F
1-2: Ball
2-2: SINGLE (Line Drive, 4MD, EV 66.3 MPH)
Pitching: RHP Andy DeRosa
Batting: RHB Greg Bates 0-0: Ball
1-0: Called Strike
1-1: Ball
2-1: Called Strike
2-2: Fly out, F8 (Flyball, 8LD, EV 110.6 MPH)
Bottom of the 5th over - 0 runs, 1 hit, 0 errors, 1 left on base; Kansas City 2 - Chicago 1
TOP OF THE 6TH
Kansas City Royals batting - Pitching for Chicago White Sox : RHP Jim Tant
Pitching: RHP Ricky Maldonado
Batting: RHB Jacob Huckaby 0-0: Foul Ball, location: 9LMF
0-1: Fly out, F7 (Flyball, 7, EV 93.1 MPH)
Batting: LHB Danny Bonilla 0-0: Ball
1-0: Foul Ball, location: 5F
1-1: Called Strike
1-2: Ball
2-2: Foul Ball, location: 7LDF
2-2: Strikes out swinging
Batting: RHB Tim Kingsley 0-0: Ball
1-0: Called Strike
1-1: Foul Ball, location: 2F
1-2: Foul Ball, location: 2F
1-2: Ground out 2-3 (Groundball, 13S, EV 65.0 MPH)
Top of the 6th over - 0 runs, 0 hits, 0 errors, 0 left on base; Kansas City 2 - Chicago 1
BOTTOM OF THE 6TH
Chicago White Sox batting - Pitching for Kansas City Royals : RHP Andy DeRosa
Batting: RHB Travis De Angelis 0-0: Ball
1-0: Called Strike
1-1: Ball
2-1: Swinging Strike
2-2: Foul Ball, location: 9LSF
2-2: Ball
3-2: Fly out, F7 (Flyball, 7S, EV 100.0 MPH)
Batting: LHB Tyler Fauver 0-0: Called Strike
0-1: Ball
1-1: Ball
2-1: Called Strike
2-2: Ball
3-2: Base on Balls
Batting: RHB Luis Marquina 0-0: Ball
1-0: Ball
Tyler Fauver steals 2nd base
2-0: Swinging Strike
2-1: Foul Ball, location: 2F
2-2: Strikes out swinging
Batting: LHB Chris McDonough 0-0: Ball
1-0: Ball
2-0: Ball
3-0: Base on Balls
Pitching: RHP Kevin Terrell
Batting: RHB Joey Aimone 0-0: Foul Ball, location: 23FF
0-1: Ball
1-1: Foul Ball, location: 2F
1-2: Ball
2-2: Fielders Choice at 2nd, 6-4 (Groundball, 6, EV 105.0 MPH)
Bottom of the 6th over - 0 runs, 0 hits, 0 errors, 2 left on base; Kansas City 2 - Chicago 1
TOP OF THE 7TH
Kansas City Royals batting - Pitching for Chicago White Sox : RHP Ricky Maldonado
Pitching: LHP Jeffrey Baker
Pinch Hitting: RHB Edgar Pirir 0-0: Called Strike
0-1: Ball
1-1: Swinging Strike
1-2: Ball
2-2: Strikes out swinging
Batting: RHB Maxwell Judson 0-0: Ball
1-0: Ball
2-0: Foul Ball, location: 9LDF
2-1: SINGLE (Line Drive, 7S, EV 105.0 MPH)
Batting: RHB Travis Bernsen 0-0: Swinging Strike
0-1: Ball
1-1: Ball
2-1: Fly out, F9 (Flyball, 9, EV 92.5 MPH)
Pitching: RHP Tony Wallace
Batting: RHB Kevin Stark 0-0: Swinging Strike
0-1: Ball
1-1: Called Strike
1-2: Foul Ball, location: 2F
1-2: Foul Ball, location: 23F
1-2: Strikes out swinging
Top of the 7th over - 0 runs, 1 hit, 0 errors, 1 left on base; Kansas City 2 - Chicago 1
BOTTOM OF THE 7TH
Chicago White Sox batting - Pitching for Kansas City Royals : RHP Kevin Terrell
Now at 1B: Maxwell Judson
Now in LF: David Bazley
Batting: RHB Cory Gilmore 0-0: Called Strike
0-1: Foul Ball, location: 2F
0-2: Ball
1-2: Fly out, F9 (Flyball, 89S, EV 85.6 MPH)
Batting: RHB Jose Delgado 0-0: Called Strike
0-1: Called Strike
0-2: Strikes out swinging
Batting: RHB Vinny Figueroa 0-0: Swinging Strike
0-1: Ball
1-1: Swinging Strike
1-2: Hit by Pitch
Batting: RHB Greg Bates 0-0: Ball
1-0: Ball
2-0: Ball
3-0: Base on Balls
Vinny Figueroa to second
Batting: RHB Travis De Angelis 0-0: Called Strike
0-1: Fly out, F8 (Flyball, 8RXD, EV 96.3 MPH)
Bottom of the 7th over - 0 runs, 0 hits, 0 errors, 2 left on base; Kansas City 2 - Chicago 1
TOP OF THE 8TH
Kansas City Royals batting - Pitching for Chicago White Sox : RHP Tony Wallace
Pitching: RHP Matthew Emerson
Batting: LHB Tony Monterosa 0-0: Called Strike
0-1: Ball
1-1: Swinging Strike
1-2: Strikes out looking
Batting: LHB Mike Andreas 0-0: Ball
1-0: Called Strike
1-1: Foul Ball, location: 5SF
1-2: Strikes out swinging
Batting: RHB Jacob Huckaby 0-0: Reached on error, E4 (Groundball, 34D, EV 100.0 MPH)
Batting: LHB Danny Bonilla 0-0: Fly out, F7 (Flyball, 78M, EV 77.5 MPH)
Top of the 8th over - 0 runs, 0 hits, 1 error, 1 left on base; Kansas City 2 - Chicago 1
BOTTOM OF THE 8TH
Chicago White Sox batting - Pitching for Kansas City Royals : RHP Kevin Terrell
Pitching: RHP Jon Cook
Batting: LHB Tyler Fauver 0-0: Called Strike
0-1: Foul Ball, location: 3F
0-2: Strikes out swinging
Batting: RHB Luis Marquina 0-0: Ball
1-0: Foul Ball, location: 2F
1-1: Foul Ball, location: 9LDF
1-2: Strikes out swinging
Batting: LHB Chris McDonough 0-0: Swinging Strike
0-1: Ball
1-1: Ball
2-1: Foul Ball, location: 2F
2-2: Strikes out swinging
Bottom of the 8th over - 0 runs, 0 hits, 0 errors, 0 left on base; Kansas City 2 - Chicago 1
TOP OF THE 9TH
Kansas City Royals batting - Pitching for Chicago White Sox : RHP Matthew Emerson
Batting: RHB Tim Kingsley 0-0: Foul Ball, location: 2F
0-1: Ball
1-1: Ball
2-1: Foul Ball, location: 3FF
2-2: Ball
3-2: Strikes out swinging
Batting: RHB David Bazley 0-0: Ball
1-0: Ball
2-0: Ball
3-0: Fly out, F5 (Line Drive, 5L, EV 62.5 MPH)
Batting: RHB Maxwell Judson 0-0: Ball
1-0: Called Strike
1-1: Swinging Strike
1-2: Ball
2-2: Strikes out swinging
Top of the 9th over - 0 runs, 0 hits, 0 errors, 0 left on base; Kansas City 2 - Chicago 1
BOTTOM OF THE 9TH
Chicago White Sox batting - Pitching for Kansas City Royals : RHP Jon Cook
Batting: RHB Joey Aimone 0-0: Called Strike
0-1: Ball
1-1: SINGLE (Line Drive, 89S, EV 86.9 MPH)
Batting: RHB Cory Gilmore 0-0: Called Strike
0-1: DOUBLE (Line Drive, 89XD, EV 106.9 MPH)
Joey Aimone to third
Pinch Hitting: RHB John Kofoid 0-0: Intentional Walk
Batting: RHB Vinny Figueroa 0-0: Called Strike
0-1: Foul Ball, location: 2F
0-2: Ball
1-2: Ball
2-2: Strikes out swinging
Batting: RHB Greg Bates 0-0: Swinging Strike
0-1: Called Strike
0-2: Ball
1-2: Fly out, F8 (Line Drive, 8LM, EV 90.6 MPH)
Pitching: LHP Pete Bettencourt
Batting: RHB Travis De Angelis 0-0: Ball
1-0: Ball
2-0: Called Strike
2-1: Fly out, F8 (Flyball, 8RM, EV 80.0 MPH)
Bottom of the 9th over - 0 runs, 2 hits, 0 errors, 3 left on base; Kansas City 2 - Chicago 1
Thursday, April 4th , 2024 - OOTP Baseball 24.11 Build 85